 Dungeon Crawl Stone Soup version 0.31.0-1-g2c135a008e (webtiles) character file.

Game seed: 10949528933070577734

2639 qw the Skirmisher (level 9, -8/66 HPs)
             Began as a Djinni Hunter on Jan 23, 2024.
             Was a Follower of Okawaru.
             Mangled by a skeletal warrior
             ... wielding a +0 mace
              (18 damage)
             ... on level 6 of the Dungeon.
             The game lasted 00:00:27 (5004 turns).

qw the Skirmisher (Djinni Hunter)                   Turns: 5004, Time: 00:00:28

Health: -8/66      AC:  6    Str: 16    XL:     9   Next: 92%
Gold:   314        EV: 16    Int: 11    God:    Okawaru [*.....] SH:  0 Dex: 26

rFire   + + .        c - +8 orcbow of the Eternal Warrior {antimagic, Dex+5}
rCold   x . .        (shield currently unavailable)
rNeg    . . .        e - +0 ring mail
rPois   inf          (no helmet)
rElec   +            f - scarf {repulsion}
rCorr   .            k - +0 pair of gloves
SInv    .            (boots unavailable)
Will    +....        m - amulet "Koef" {rElec Regen+}
Stlth   ++           a - +6 ring of strength
HPRegen 1.11/turn    (no ring)
MPRegen 0.00/turn

%: repel missiles, infuse magic (-9 HP)
@: about to teleport, flying
A: sickness immunity, fire resistance 2, cold vulnerability 1, float, innate
caster, HP casting, extra vitality 1, strong-willed 1
a: Renounce Religion, Heroism


You were on level 6 of the Dungeon.
You worshipped Okawaru.
Okawaru was aware of your devotion.
You visited 2 branches of the dungeon, and saw 7 of its levels.
You also visited: Sewer.

You collected 314 gold pieces.


Innate Abilities, Weirdness & Mutations

You are immune to sickness and miasma.
You are immune to poison.
Your flesh is very heat resistant. (rF++)
You are vulnerable to cold. (rC-)
You float through the air rather than walking.
You learn spells naturally, not from books.
Your magical power is your life essence.
You have superior vitality. (+4 MHP)
You are strong-willed. (Will+)


   Skills:
 + Level 5.7 Fighting
 - Level 8.1 Ranged Weapons
 - Level 2.1 Armour
 - Level 6.5 Dodging
 - Level 0.7 Stealth
 - Level 4.1 Invocations


You knew the following spells:

 Your Spells              Type           Power      Damage    Failure   Level
a - Slow                  Hex            0%         N/A       54%         1
b - Scorch                Fire           0%         2d5       69%         2
c - Momentum Strike       Conj/Tloc      0%         3d8       69%         2
d - Airstrike             Air            0%         2d(0-16)  100%        4
Your spell library was empty.

Inventory:

Hand Weapons
 c - the +8 orcbow of the Eternal Warrior (weapon) {antimagic, Dex+5}
   (You acquired it on level 1 of the Dungeon)

   Dex+5:     It affects your dexterity (+5).
Armour
 e - a +0 ring mail (worn)
 f - a scarf of repulsion (worn)
 g - a +1 cloak of preservation
 k - a +0 pair of gloves (worn)
 o - the scarf of the Cockroach {harm, Fly rPois Will+++ Stlth-}
   (You acquired it on level 6 of the Dungeon)

   rPois:     It protects you from poison Will+++: It greatly increases your
   willpower.
   Fly:       It grants you flight.
   Stlth-:    It makes you less stealthy.
 q - the +0 cloak "Useczom" {Slay+5}
   (You found it on level 6 of the Dungeon)

   Slay+5:    It affects your accuracy & damage with ranged weapons and melee
   (+5).
Jewellery
 a - a +6 ring of strength (left hand)
 m - the amulet "Koef" (around neck) {rElec Regen+}
   (You acquired it on level 6 of the Dungeon)

   [amulet of regeneration]

   rElec:     It insulates you from electricity.
   Regen+:    It increases your rate of health regeneration.
Scrolls
 b - 2 scrolls of teleportation
 p - a scroll of identify
Potions
 d - 2 potions of curing
 h - a potion of enlightenment {unknown}
 i - a potion of might
 j - a potion of attraction {unknown}
 l - a potion of brilliance {unknown}
 r - a potion of ambrosia {unknown}

Dungeon Overview and Level Annotations

Branches:
Dungeon (6/15)             Temple (1/1) D:4           Sewer (visited)

Altars:
Ashenzari
Cheibriados
Dithmenos
Elyvilon
Fedhas
Gozag
Hepliaklqana
Makhleb
Nemelex Xobeh
Okawaru
Qazlal
Ru
Trog
Uskayaw
Wu Jian
Xom
Yredelemnul
The Shining One

Shops:
D:6 =


Message History

The arrow hits the skeletal warrior but does no damage.
The skeletal warrior is lightly damaged.
You shoot an arrow. The arrow hits the skeletal warrior!
The skeletal warrior is moderately damaged.
The skeletal warrior hits you with a +0 mace.
Enter note:
Enter note:
Enter note:
Enter note:
Enter note:
4998 ||| RETREEEEATING.
The skeletal warrior attacks as it pursues you!
The skeletal warrior hits you with a +0 mace!
You shoot an arrow.
The arrow closely misses the skeletal warrior.
The arrow hits the skeletal warrior!
The skeletal warrior is moderately damaged.
The skeletal warrior completely misses you.
You shoot an arrow.
The arrow barely misses the skeletal warrior.
The arrow hits the skeletal warrior!
The skeletal warrior is heavily damaged.
The skeletal warrior hits you with a +0 mace!!
You shoot an arrow.
The arrow closely misses the skeletal warrior.
The arrow hits the skeletal warrior!
The skeletal warrior is severely damaged.
The skeletal warrior hits you with a +0 mace!!
5002 ||| READING 3 scrolls of teleportation.
As you read the scroll of teleportation, it crumbles to dust.
You feel strangely unstable.
You feel like a meek peon again.
The skeletal warrior closely misses you.
5003 ||| DRINKING potion of heal wounds.
You feel much better.
The skeletal warrior hits you with a +0 mace!
You shoot an arrow. The arrow hits the skeletal warrior.
The skeletal warrior is moderately damaged.
The skeletal warrior hits you with a +0 mace!!
You die...

...###...####z.#
....#.....##...#
....#........z## ###
..............# ###..
..............# ##....
..............# ##.....
............#.##
###......
..............z####
#........
..............zz@.###
#........
.............####...###
##.......
.............#
###...###........
........#...##
####.....#.....
...........##
##..###.....
###........#
##.####....
#....#....## #..# ##...
##...###..# #..# ##..
##..# #..# ##.## ##.


You could see 3 skeletal warriors.

Vanquished Creatures
  A wyvern (D:6)
  Eustachio (D:5)
  A sky beast (D:6)
  An ice beast (D:5)
  A centaur (D:6)
  2 phantoms
  10 kobold brigands
  2 scorpions (D:6)
  2 howler monkeys (D:5)
  5 hounds
  3 orc priests
  2 gnoll boudas (D:5)
  A sleepcap (D:6)
  3 iguanas
  6 orc wizards
  18 gnolls
  10 adders
  4 river rats
  A shadow imp (D:4)
  4 ufetubi
  2 ribbon worms (Sewer)
  6 dart slugs
  30 orcs
  5 ball pythons
  7 endoplasms
  4 giant cockroaches
  5 goblins
  8 hobgoblins
  17 jackals
  10 kobolds
  4 quokkas
  3 bats
  4 frilled lizards (D:2)
  11 rats
194 creatures vanquished.

Notes
Turn   | Place    | Note
-------+----------+-------------------------------------------
     0 | D:1      | qw the Djinni Hunter began the quest for the Orb.
     0 | D:1      | Reached XP level 1. HP: 18/18 MP: 0/0
     0 | D:1      | 0 ||| qw: Version: 0.3-a-135-gb77e89d
     0 | D:1      | 0 ||| qw: Game counter: 964
     0 | D:1      | 0 ||| qw: Melee chars always use a shield: true
     0 | D:1      | 0 ||| qw: God list: Okawaru
     0 | D:1      | 0 ||| qw: Allow faded altars: false
     0 | D:1      | 0 ||| qw: Do Orc after clearing Dungeon:15 true
     0 | D:1      | 0 ||| qw: Do second Lair branch before Depths: true
     0 | D:1      | 0 ||| qw: Lair rune preference: random
     0 | D:1      | 0 ||| qw: Goals: Normal
     0 | D:1      | 0 ||| PLANNING D:1-11
   200 | D:1      | Reached XP level 2. HP: 23/23 MP: 0/0
   236 | D:1      | Found a faded altar of an unknown god.
   547 | D:1      | 547 ||| UPGRADING to +0 ring mail.
   557 | D:1      | 557 ||| DROPPING +0 leather armour.
   558 | D:1      | 558 ||| UPGRADING to +0 cloak of preservation.
   563 | D:1      | 563 ||| READING 2 scrolls labelled IDUPEGG FIUSHIWA.
   564 | D:1      | 564 ||| READING scroll labelled IKKOJI VOMPE.
   565 | D:1      | 565 ||| READING scroll labelled WOORUT ZODINLA.
   565 | D:1      | Identified a scroll of acquirement
   565 | D:1      | 565 ||| ACQUIRING +8 orcbow of the Eternal Warrior
                  | {antimagic, Dex+5}
   565 | D:1      | Acquired the +8 orcbow of the Eternal Warrior {antimagic,
                  | Dex+5}
   567 | D:1      | 567 ||| SWAPPING to +8 orcbow of the Eternal Warrior
                  | {antimagic, Dex+5}.
   568 | D:1      | 568 ||| DROPPING +0 shortbow.
   569 | D:1      | 569 ||| DROPPING scroll of butterflies.
   570 | D:1      | 570 ||| DROPPING scroll of amnesia.
   714 | D:2      | Reached skill level 1 in Armour
   714 | D:2      | Reached XP level 3. HP: 28/28 MP: 0/0
   714 | D:2      | Learned a level 1 spell: Slow
   939 | D:2      | Reached skill level 4 in Ranged Weapons
  1203 | D:2      | 1203 ||| READING scroll labelled CYRCHA UNOALO.
  1204 | D:2      | 1204 ||| READING scroll labelled JOMMUQ APEPU.
  1204 | D:2      | 1204 ||| IDENTIFYING orange potion
  1205 | D:2      | 1205 ||| DRINKING 2 pink potions.
  1206 | D:2      | 1206 ||| DRINKING 2 metallic green potions.
  1206 | D:2      | Gained mutation: You possess an exceptional clarity of
                  | mind. [potion of mutation]
  1206 | D:2      | Gained mutation: You are strong-willed. (Will+) [potion of
                  | mutation]
  1206 | D:2      | Gained mutation: Your spells are a little harder to cast,
                  | but a little more powerful. [potion of mutation]
  1207 | D:2      | 1207 ||| DRINKING potion of mutation.
  1207 | D:2      | Lost mutation: Your spells are a little harder to cast, but
                  | a little more powerful. [potion of mutation]
  1207 | D:2      | Lost mutation: You possess an exceptional clarity of mind.
                  | [potion of mutation]
  1207 | D:2      | Lost mutation: You are strong-willed. (Will+) [potion of
                  | mutation]
  1207 | D:2      | Gained mutation: You are strong-willed. (Will+) [potion of
                  | mutation]
  1208 | D:2      | 1208 ||| DROPPING potion of invisibility.
  1246 | D:3      | 1246 ||| PLANNING SEWER
  1313 | D:3      | Reached XP level 4. HP: 34/34 MP: 0/0
  1422 | D:3      | Reached skill level 3 in Fighting
  1675 | D:3      | Found a glowing drain.
  1676 | D:3      | 1676 ||| UPGRADING to +6 ring of strength.
  1677 | D:3      | 1677 ||| READING scroll of identify.
  1677 | D:3      | 1677 ||| IDENTIFYING scroll labelled YMENOE GIEZIC
  1678 | D:3      | 1678 ||| READING scroll labelled MOMIZA DAZI.
  1683 | D:3      | 1683 ||| DROPPING scroll of revelation.
  1689 | Sewer    | Entered a sewer
  1709 | Sewer    | Noticed a kobold brigand
  1714 | Sewer    | Reached skill level 3 in Dodging
  1714 | Sewer    | Reached XP level 5. HP: 40/40 MP: 0/0
  1714 | Sewer    | Learned a level 2 spell: Scorch
  1716 | Sewer    | Killed a kobold brigand
  1728 | Sewer    | Noticed a kobold brigand
  1728 | Sewer    | Noticed a kobold brigand
  1734 | Sewer    | Killed a kobold brigand
  1735 | Sewer    | Reached skill level 5 in Ranged Weapons
  1735 | Sewer    | Reached XP level 6. HP: 46/46 MP: 0/0
  1830 | Sewer    | Reached XP level 7. HP: 36/51 MP: 0/0
  1830 | Sewer    | Learned a level 2 spell: Momentum Strike
  2174 | Sewer    | Reached skill level 6 in Ranged Weapons
  2174 | Sewer    | Reached XP level 8. HP: 58/58 MP: 0/0
  2247 | Sewer    | 2247 ||| READING scroll labelled VOQOYMY PENAJYTT.
  2248 | Sewer    | 2248 ||| READING scroll labelled CYES LODOUPAOK.
  2249 | Sewer    | 2249 ||| READING scroll labelled FIEBBY RYXUAFOROU.
  2250 | Sewer    | 2250 ||| READING scroll labelled LICONA AKKANGU.
  2250 | Sewer    | 2250 ||| ENCHANTING +0 cloak of preservation.
  2276 | D:3      | 2276 ||| PLANNING D:1-11
  2598 | D:3      | 2598 ||| UPGRADING to scarf of repulsion.
  2641 | D:4      | 2641 ||| STAIRDANCE
  2645 | D:4      | 2645 ||| STAIRDANCE
  2980 | D:4      | Found a staircase to the Ecumenical Temple.
  2981 | D:4      | 2981 ||| PLANNING TEMPLE
  2986 | Temple   | Entered the Ecumenical Temple
  2987 | Temple   | 2987 ||| PLANNING OKAWARU WORSHIP
  3005 | Temple   | Became a worshipper of Warmaster Okawaru
  3006 | Temple   | 3006 ||| PLANNING D:1-11
  3379 | D:4      | 3379 ||| READING scroll labelled AFUNOI LIEPY.
  3392 | D:5      | Entered Level 5 of the Dungeon
  3396 | D:5      | 3396 ||| STAIRDANCE
  3426 | D:5      | Reached skill level 7 in Ranged Weapons
  3636 | D:5      | Noticed Eustachio
  3639 | D:5      | 3639 ||| RETREEEEATING.
  3640 | D:5      | 3640 ||| RETREEEEATING.
  3646 | D:5      | Killed Eustachio
  3646 | D:5      | Reached * piety under Okawaru
  3647 | D:5      | Reached skill level 6 in Dodging
  3647 | D:5      | Reached XP level 9. HP: 65/65 MP: 0/0
  3647 | D:5      | Learned a level 4 spell: Airstrike
  3680 | D:5      | Reached skill level 1 in Invocations
  3773 | D:5      | 3773 ||| FLEEEEING.
  3774 | D:5      | 3774 ||| FLEEEEING.
  3775 | D:5      | 3775 ||| FLEEEEING.
  3777 | D:5      | 3777 ||| FLEEEEING.
  3778 | D:5      | 3778 ||| FLEEEEING.
  3779 | D:5      | 3779 ||| FLEEEEING.
  3780 | D:5      | 3780 ||| FLEEEEING.
  3781 | D:5      | 3781 ||| FLEEEEING.
  3782 | D:5      | 3782 ||| FLEEEEING.
  3783 | D:5      | 3783 ||| FLEEEEING.
  3784 | D:5      | 3784 ||| FLEEEEING.
  3785 | D:5      | 3785 ||| FLEEEEING.
  3786 | D:5      | 3786 ||| FLEEEEING.
  3787 | D:5      | 3787 ||| FLEEEEING.
  3788 | D:5      | 3788 ||| FLEEEEING.
  3789 | D:5      | 3789 ||| FLEEEEING.
  3790 | D:5      | 3790 ||| FLEEEEING.
  3791 | D:5      | 3791 ||| FLEEEEING.
  4042 | D:5      | Reached skill level 3 in Invocations
  4118 | D:5      | 4118 ||| UPGRADING to +0 pair of gloves.
  4202 | D:5      | 4202 ||| READING scroll of identify.
  4202 | D:5      | 4202 ||| IDENTIFYING green potion
  4203 | D:5      | 4203 ||| READING 3 scrolls labelled CITSOG XOBUN.
  4260 | D:5      | 4260 ||| DRINKING 2 viscous yellow potions.
  4261 | D:5      | 4261 ||| DRINKING 2 murky yellow potions.
  4262 | D:5      | 4262 ||| DROPPING potion of berserk rage.
  4263 | D:5      | 4263 ||| DROPPING 2 scrolls of vulnerability.
  4391 | D:6      | Reached ** piety under Okawaru
  4407 | D:6      | 4407 ||| READING 2 scrolls of acquirement.
  4407 | D:6      | 4407 ||| ACQUIRING scarf of the Cockroach {harm, Fly rPois
                  | Will+++ Stlth-}
  4407 | D:6      | Acquired the scarf of the Cockroach {harm, Fly rPois
                  | Will+++ Stlth-}
  4409 | D:6      | 4409 ||| READING scroll of acquirement.
  4409 | D:6      | 4409 ||| ACQUIRING amulet "Koef" {rElec Regen+}
  4409 | D:6      | Acquired the amulet "Koef" {rElec Regen+}
  4411 | D:6      | 4411 ||| UPGRADING to amulet "Koef" {rElec Regen+}.
  4501 | D:6      | Reached skill level 8 in Ranged Weapons
  4597 | D:6      | Identified the +0 cloak "Useczom" {Slay+5}
  4714 | D:6      | Found Oprimime's Jewellery Emporium.
  4722 | D:6      | 4722 ||| SHOPLISTING amulet "Boabif" {Faith *Slow rN+ rCorr
                  | Slay+2} (655 gold, have 268).
  4722 | D:6      | 4722 ||| SHOPLISTING amulet of reflection (330 gold, have
                  | 268).
  4722 | D:6      | 4722 ||| SHOPLISTING ring of ice (275 gold, have 268).
  4722 | D:6      | 4722 ||| SHOPLISTING ring of protection from cold (275
                  | gold, have 268).
  4977 | D:6      | Noticed a skeletal warrior
  4978 | D:6      | 4978 ||| INVOKING Heroism.
  4979 | D:6      | Noticed a skeletal warrior
  4980 | D:6      | Noticed a skeletal warrior
  4982 | D:6      | 4982 ||| RETREEEEATING.
  4983 | D:6      | 4983 ||| RETREEEEATING.
  4984 | D:6      | 4984 ||| RETREEEEATING.
  4985 | D:6      | 4985 ||| RETREEEEATING.
  4986 | D:6      | 4986 ||| RETREEEEATING.
  4987 | D:6      | 4987 ||| RETREEEEATING.
  4988 | D:6      | 4988 ||| RETREEEEATING.
  4989 | D:6      | 4989 ||| RETREEEEATING.
  4990 | D:6      | 4990 ||| RETREEEEATING.
  4991 | D:6      | 4991 ||| RETREEEEATING.
  4992 | D:6      | 4992 ||| RETREEEEATING.
  4993 | D:6      | 4993 ||| RETREEEEATING.
  4998 | D:6      | 4998 ||| RETREEEEATING.
  5001 | D:6      | HP: 2/66 [skeletal warrior/+0 mace (20)]
  5002 | D:6      | 5002 ||| READING 3 scrolls of teleportation.
  5003 | D:6      | 5003 ||| DRINKING potion of heal wounds.
  5004 | D:6      | Mangled by a skeletal warrior

Levels and vault maps discovered:
D:1:      dpeg_arrival_tiny_a, layout_basic, ebering_ecumenical_altar_hall
D:2:      layout_loops_ring
D:3:      layout_basic, portal_sewer_entry_a
D:4:      layout_loops_ring, minmay_temple_entry_enclosed_plants
D:5:      lemuel_castle_with_subvaults [lemuel_castle_interior_carwin_1],
          layout_rooms, nicolae_figureground_pulse, uniq_eustachio
D:6:      layout_cave_pods, serial_shops, shop
Temple:   compressed_dpeg_triangle_lava_temple

Skill      XL: |  1  2  3  4  5  6  7  8  9 |
---------------+----------------------------+-----
Armour         | 1 2 |  2.1
Ranged Weapons | 4 5 6 7 8 |  8.1
Fighting       | 3 4 5 |  5.7
Dodging        | 3 4 6 |  6.5
Invocations    | 4 |  4.1
Stealth        | |  0.7

Action                     |  1- 3 |  4- 6 |  7- 9 || total
---------------------------+-------+-------+-------++-------
   Fire: Shortbow          |    32 |       |       ||    32
         Orcbow            |    27 |    76 |   307 ||   410
 Invoke: Heroism           |       |       |     1 ||     1
    Use: Scroll            |     5 |     2 |    10 ||    17
         Potion            |     3 |       |     3 ||     6
 Armour: Leather armour    |     1 |       |       ||     1
         Ring mail         |     2 |    13 |    46 ||    61
  Dodge: Dodged            |     7 |    19 |    57 ||    83
         Repelled          |       |       |     1 ||     1

Table legend:
 A = Non-vault XP
 B = Vault XP
 C = Vault XP percentage of total XP
 D = Non-vault monster count
 E = Vault monster count
 F = Vault count percentage of total count
                 A         B        C        D         E       F
            +---------+---------+-------+---------+---------+-------
      Total |    1860 |    1910 |  50.7 |     102 |      92 |  47.4
            +---------+---------+-------+---------+---------+-------
        D:1 |      20 |       0 |   0.0 |      11 |       0 |   0.0
        D:2 |      42 |       0 |   0.0 |      18 |       0 |   0.0
        D:3 |      51 |      33 |  39.3 |      20 |       8 |  28.6
        D:4 |     342 |       0 |   0.0 |      23 |       0 |   0.0
        D:5 |     563 |     876 |  60.9 |      20 |      56 |  73.7
        D:6 |     842 |       0 |   0.0 |      10 |       0 |   0.0
      Sewer |       0 |    1001 | 100.0 |       0 |      28 | 100.0
            +---------+---------+-------+---------+---------+-------
